 Dungeon Crawl Stone Soup version 0.23.0 (webtiles) character file.

Game seed: 16991124080245331338

1045 ohad the Transmogrifier (level 8, -3/54 HPs)
             Began as a Demonspawn Transmuter on Feb 13, 2019.
             Was a Follower of Cheibriados.
             Killed by nerve-wracking pain
             ... invoked by an orc priest
              (14 damage)
             ... on level 6 of the Dungeon.
             The game lasted 00:15:53 (6413 turns).

ohad the Transmogrifier (Demonspawn Transmuter)     Turns: 6413, Time: 00:15:54

Health: -3/54      AC:  2    Str: 12    XL:     8   Next: 4%
Magic:  0/11       EV: 12    Int: 18    God:    Cheibriados [*.....]
Gold:   245        SH:  0    Dex: 19    Spells: 1/11 levels left

rFire    . . .     SeeInvis .     - Unarmed
rCold    . . .     Gourm    +   (no shield)
rNeg     . . .     Faith    .   b - +0 robe
rPois    .         Spirit   +   (helmet restricted)
rElec    .         Reflect  .   (no cloak)
rCorr    .         Harm     .   (no gloves)
MR       .....                  (no boots)
Stlth    ++........             e - amulet of the gourmand
HPRegen  0.18/turn              (no ring)
MPRegen  0.12/turn              (no ring)

@: very slightly contaminated, very slow
A: horns 2, thin skeletal structure 1, powered by death 2, magic shield
a: Bend Time, Renounce Religion


You were on level 6 of the Dungeon.
You worshipped Cheibriados.
Cheibriados was aware of your devotion.
You were full.

You visited 2 branches of the dungeon, and saw 7 of its levels.

You collected 245 gold pieces.

Inventory:

Hand Weapons
 x - a cursed -2 whip
 y - a +1 flail of crushing
Missiles
 a - 38 arrows
 l - 39 poisoned needles
 E - 5 tomahawks (quivered)
Armour
 b - a +0 robe (worn)
 g - a +0 helmet
 n - a +0 leather armour
 q - a cursed +0 scale mail
 s - a cursed +0 buckler
 v - a +0 buckler
 B - a +0 ring mail
Magical Staves
 G - an uncursed staff of poison {unknown}
Jewellery
 e - an amulet of the gourmand (around neck)
 p - an uncursed ring of poison resistance {unknown}
Wands
 w - a wand of enslavement (8)
 C - a wand of scattershot (11)
Scrolls
 c - 2 scrolls of immolation
 i - a scroll of enchant armour {unknown}
 j - 2 scrolls of fog {unknown}
 k - 4 scrolls of teleportation
 u - 3 scrolls of remove curse {unknown}
 A - 2 scrolls of magic mapping {unknown}
 H - a scroll of enchant weapon {unknown}
Potions
 f - a potion of brilliance {unknown}
 h - a potion of ambrosia {unknown}
 m - a potion of magic {unknown}
 o - 2 potions of might {unknown}
 r - a potion of agility
 t - 2 potions of curing
 z - a potion of lignification {unknown}
 F - a potion of cancellation {unknown}
Comestibles
 d - 14 rations


   Skills:
 - Level 1.0 Fighting
 - Level 1.7 Dodging
 - Level 2.6 Unarmed Combat
 - Level 2.0 Spellcasting
 + Level 8.8 Transmutations


You had one spell level left.
You knew the following spells:

 Your Spells              Type           Power        Failure   Level  Hunger
a - Beastly Appendage     Tmut           ####..       1%          1    #......
b - Sticks to Snakes      Tmut           ####....     1%          2    ###....
c - Spider Form           Tmut/Pois      ###.......   9%          3    ###....
d - Ice Form              Ice/Tmut       ###.....     28%         4    #####..

Your spell library contained the following spells:

 Spells                   Type           Power        Failure   Level  Hunger
 Blade Hands              Tmut           ####......   13%         5    ######.


Dungeon Overview and Level Annotations

Branches:
Dungeon (6/15)             Temple (1/1) D:4

Altars:
Cheibriados
Dithmenos
Elyvilon
Fedhas
Gozag
Hepliaklqana
Kikubaaqudgha
Makhleb
Nemelex Xobeh
Qazlal
Ru
Sif Muna
Uskayaw
Vehumet
Wu Jian
Xom
Yredelemnul
Zin


Innate Abilities, Weirdness & Mutations

You have a pair of horns on your head.
You have a somewhat thin skeletal structure. (Dex +2, Stealth)
You regenerate health from kills.
When hurt, damage is shared between your health and your magic reserves.


Message History

Confirm with . or Enter, or press ? or * to list all spells.
You don't have enough magic to cast that spell.
Unknown command.
Casting: Sticks to Snakes (safe; 1% risk of failure)
Confirm with . or Enter, or press ? or * to list all spells.
You create a snake!
You now have 38 arrows.
You hit the orc priest but do no damage.
The orc priest calls down the wrath of Beogh upon you.
Beogh smites you!
* * * LOW HITPOINT WARNING * * *
You barely miss the orc priest.
Your ball python bites the orc priest but does no damage.
Your ball python grabs the orc priest.
Your ball python constricts the orc priest.
Unknown command.
You hit the orc priest.
The orc priest is moderately wounded.
The orc priest calls down the wrath of Beogh upon you.
Pain shoots through your body!
You die...

##....#................#
#...........#..........#
###.........###.##......
#.................##..
##................##..
##.....###.......##..
#.#..## #...........
###...# ##......#.#.
#@S<# #....#...##
#.o#####..........
##..##.....#......
#.......###...###
#.....###.....##.
##.....#..>......
###.#.#....###.#
#..))........#
##............


You could see an orc priest and a friendly ball python.

Vanquished Creatures
  An orc warrior (D:6)
  A phantom (D:4)
  An ice beast (D:5)
  A sky beast (D:5)
  An ogre (D:5)
  A bullfrog (D:6)
  3 orc wizards
  Ijyb (D:5)
  2 worker ants
  8 adders
  An ooze (D:1)
  An adder zombie (D:5)
  2 worms (D:3)
  2 dart slugs
  2 leopard geckos
  15 orcs
  6 bats
  3 giant cockroaches
  8 goblins
  5 hobgoblins
  6 jackals
  2 quokkas
  A ball python (D:2)
  3 frilled lizards
  6 kobolds
  7 rats
90 creatures vanquished.

Vanquished Creatures (collateral kills)
  Sigmund (D:3)
  Menkaure (D:5)
  An adder (D:3)
  A frilled lizard (D:4)
4 creatures vanquished.

Grand Total: 94 creatures vanquished

Notes
Turn   | Place    | Note
-------+----------+-------------------------------------------
     0 | D:1      | ohad the Demonspawn Transmuter began the quest for the Orb.
     0 | D:1      | Reached XP level 1. HP: 15/15 MP: 3/3
    38 | D:1      | Reached skill level 2 in Transmutations
   470 | D:1      | Gained mutation: When hurt, damage is shared between your
                  | health and your magic reserves. [demonic ancestry]
   470 | D:1      | Reached XP level 2. HP: 14/21 MP: 3/5
   853 | D:1      | Reached skill level 3 in Transmutations
   857 | D:1      | Learned a level 2 spell: Sticks to Snakes
  1224 | D:1      | Gained mutation: You have a pair of small horns on your
                  | head. [demonic ancestry]
  1224 | D:1      | Reached XP level 3. HP: 26/26 MP: 4/6
  1232 | D:1      | Learned a level 3 spell: Spider Form
  1987 | D:2      | Gained mutation: You have a somewhat thin skeletal
                  | structure. (Dex +2, Stealth) [demonic ancestry]
  1987 | D:2      | Reached XP level 4. HP: 28/32 MP: 3/7
  2131 | D:2      | Reached skill level 4 in Transmutations
  2528 | D:3      | Found a glowing silver altar of Zin.
  2536 | D:3      | Found a white marble altar of Elyvilon.
  2537 | D:3      | Found a deep blue altar of Sif Muna.
  2538 | D:3      | Found a burning altar of Makhleb.
  2540 | D:3      | Found a shimmering altar of Xom.
  2542 | D:3      | Found a blossoming altar of Fedhas.
  2622 | D:3      | Gained mutation: You regenerate a little health from kills.
                  | [demonic ancestry]
  2622 | D:3      | Reached XP level 5. HP: 35/37 MP: 1/8
  2705 | D:3      | Noticed Sigmund
  2896 | D:3      | Reached skill level 5 in Transmutations
  3059 | D:3      | Killed Sigmund
  3059 | D:3      | Reached XP level 6. HP: 5/43 MP: 1/9
  3709 | D:3      | Reached skill level 6 in Transmutations
  3887 | D:4      | Found a sacrificial altar of Ru.
  4285 | D:4      | Found a shadowy altar of Dithmenos.
  4411 | D:4      | Found a staircase to the Ecumenical Temple.
  4460 | Temple   | Entered the Ecumenical Temple
  4667 | Temple   | Became a worshipper of Cheibriados the Contemplative
  4869 | D:5      | Entered Level 5 of the Dungeon
  4968 | D:5      | Noticed a sky beast
  4977 | D:5      | Noticed an ice beast
  4985 | D:5      | Killed a sky beast
  4985 | D:5      | Reached skill level 7 in Transmutations
  4985 | D:5      | Gained mutation: You regenerate health from kills. [demonic
                  | ancestry]
  4985 | D:5      | Reached XP level 7. HP: 36/48 MP: 5/10
  5275 | D:5      | Learned a level 4 spell: Ice Form
  5282 | D:5      | Noticed Menkaure
  5295 | D:5      | Killed Menkaure
  5295 | D:5      | Reached skill level 8 in Transmutations
  5460 | D:5      | Noticed Ijyb
  5476 | D:5      | Killed Ijyb
  6404 | D:6      | Reached * piety under Cheibriados
  6404 | D:6      | Gained mutation: You have a pair of horns on your head.
                  | [demonic ancestry]
  6404 | D:6      | Reached XP level 8. HP: 20/54 MP: 1/11
  6413 | D:6      | Killed from afar by an orc priest

Skill      XL: |  1  2  3  4  5  6  7 |
---------------+----------------------+-----
Transmutations | 2 3 4 5 7 8 |  8.8
Fighting       | |  1.0
Dodging        | |  1.7
Unarmed Combat | |  2.6
Spellcasting   | |  2.0

Action                   |  1- 3 |  4- 6 |  7- 9 || total
-------------------------+-------+-------+-------++-------
Melee: Unarmed           |   145 |   143 |    75 ||   363
       Kick              |    12 |     3 |       ||    15
       Headbutt          |     3 |     6 |       ||     9
       Punch             |     1 |       |       ||     1
 Cast: Beastly Appendage |    12 |     4 |       ||    16
       Spider Form       |     6 |    20 |     7 ||    33
       Sticks to Snakes  |       |     5 |     3 ||     8
  Use: Scroll            |       |       |     6 ||     6
 Stab: Sleeping          |     1 |     1 |       ||     2
       Distracted        |       |     1 |       ||     1
  Eat: Chunk             |    14 |    12 |     4 ||    30
Armor: Robe              |    22 |    13 |       ||    35
       Skin              |     4 |     5 |     2 ||    11
Dodge: Dodged            |   102 |   115 |    56 ||   273
